 Dungeon Crawl Stone Soup version 0.26.0-10-g1f06aea511 (webtiles) character file.

Game seed: 1504963745959581961

3003 Aviak the Fighter (level 10, -6/84 HPs)
             Began as a Formicid Conjurer on Jan 22, 2021.
             Was a Believer of Yredelemnul.
             Mangled by a wolf (9 damage)
             ... led by Grum
             ... on level 8 of the Dungeon.
             The game lasted 00:13:53 (8873 turns).

Aviak the Fighter (Formicid Conjurer)               Turns: 8873, Time: 00:13:53

Health: -6/84      AC:  3    Str: 15    XL:     10   Next: 9%
Magic:  2/13       EV: 15    Int: 18    God:    Yredelemnul [**....]
Gold:   177        SH:  0    Dex:  9    Spells: 10/13 levels left

rFire    . . .     SeeInvis +   z - +2 hand axe (flame)
rCold    . . .     Faith    .   (no shield)
rNeg     . . .     Spirit   .   y - +0 leather armour
rPois    .         Reflect  .   (helmet unavailable)
rElec    .         Harm     .   (no cloak)
rCorr    .         Rampage  .   (no gloves)
Will     +....                  (no boots)
Stlth    ++........             e - amulet of regeneration
HPRegen  0.64/turn              (no ring)
MPRegen  0.13/turn              (no ring)

@: injury mirror, marked, invisible
A: permanent stasis, dig shafts and tunnels, four strong arms, antennae 3
a: Dig, Shaft Self, Renounce Religion, Animate Remains, Recall Undead Slaves,
Injury Mirror


You were on level 8 of the Dungeon.
You worshipped Yredelemnul.
Yredelemnul was pleased with you.
You visited 2 branches of the dungeon, and saw 9 of its levels.

You collected 385 gold pieces.
You spent 208 gold pieces at shops.

Inventory:

Hand Weapons
 s - the +1 mace of Galoop {venom, Str+3}
   (You bought it in a shop on level 5 of the Dungeon)

   It poisons the flesh of those it strikes.
   It affects your strength (+3).
 u - a +1 flail of draining
 z - a +2 hand axe of flaming (weapon)
 B - a +0 battleaxe
Armour
 a - a +0 robe
 y - a +0 leather armour (worn)
Jewellery
 e - an amulet of regeneration (around neck)
 g - a cursed amulet of faith {unknown}
Wands
 p - a wand of random effects (11)
 A - a wand of polymorph (11)
Scrolls
 b - 3 scrolls of fear {unknown}
 d - a scroll of enchant weapon
 i - a scroll of identify
 k - a scroll of magic mapping {unknown}
 m - a scroll of noise {unknown}
 r - 3 scrolls of remove curse
 t - a scroll of blinking {unknown}
 v - 4 scrolls of enchant armour {unknown}
 w - a scroll of random uselessness {unknown}
Potions
 c - 6 potions of curing
 f - 4 potions of invisibility
 h - 2 potions of magic {unknown}
 j - a potion of brilliance {unknown}
 l - 3 potions of cancellation {unknown}
 n - a potion of berserk rage {unknown}
 o - a potion of mutation {!q}
 q - 2 potions of ambrosia
 x - 2 potions of resistance {unknown}
 C - 2 potions of haste {unknown}


   Skills:
 + Level 9.7 Fighting
 - Level 2.0 Maces & Flails
 + Level 8.4 Dodging
 - Level 2.4 Stealth
 - Level 2.1 Spellcasting
 - Level 3.6 Conjurations
 + Level 4.0 Invocations


You had 10 spell levels left.
You knew the following spells:

 Your Spells              Type           Power        Failure   Level
a - Magic Dart            Conj           56%          4%          1
b - Searing Ray           Conj           28%          8%          2

Your spell library contained the following spells:

 Spells                   Type           Power        Failure   Level
 Animate Skeleton         Necr           2%           22%         1
 Pain                     Necr           4%           22%         1
 Dazzling Flash           Conj/Hex       16%          30%         3
 Confusing Touch          Hex            1%           54%         3
 Gell's Gravitas          Tloc           0%           54%         3
 Vampiric Draining        Necr           0%           54%         3
 Fulminant Prism          Conj/Hex       4%           71%         4
 Iskenderun's Mystic Bla  Conj/Tloc      8%           71%         4
 Animate Dead             Necr           0%           91%         4
 Petrify                  Tmut/Erth      1%           91%         4
 Agony                    Necr           1%           99%         5
 Metabolic Englaciation   Hex/Ice        0%           99%         5
 Yara's Violent Unravell  Hex/Tmut       0%           99%         5


Dungeon Overview and Level Annotations

Branches:
Dungeon (8/15)             Temple (1/1) D:4
   Lair: D:8-11

Altars:
Ashenzari
Cheibriados
Dithmenos
Elyvilon
Fedhas
Gozag
Hepliaklqana
Kikubaaqudgha
Nemelex Xobeh
Okawaru
Qazlal
Ru
Sif Muna
Trog
Uskayaw
Vehumet
Wu Jian
Xom
Yredelemnul
Zin

Shops:
D:5 (   D:6 *   D:7 *

Annotations:
D:8 Grum


Innate Abilities, Weirdness & Mutations

You cannot be hasted, slowed, berserked, paralysed or teleported.
You can dig through walls and to a lower floor.
Your four strong arms can wield two-handed weapons with a shield.
You have a pair of large antennae on your head. (SInv)


Message History

Unknown command.
The wolf barely misses you. The hog barely misses you. The wolf bites you.
* * * LOW HITPOINT WARNING * * *
Yredelemnul mirrors your injury!
The wolf is heavily wounded.
A human comes into view. It is wielding a +0 hand axe.
The hog completely misses you.
Unknown command.
You fade into invisibility!
The wolf bites you!
* * * LOW HITPOINT WARNING * * *
Yredelemnul mirrors your injury!
The wolf is heavily wounded.
The wolf bites you!
* * * LOW HITPOINT WARNING * * *
Yredelemnul mirrors your injury!
The wolf is almost dead.
The wolf bites you!
You die...
Your body rises from the dead as a mindless zombie.

#. #.# .. #.# #.# ###.# ..
.{.# .#### #{.# ....####
#<.# ...)...### #.{######.
.###....?##########p........
## ####.....ghFh@...........
# ###...ochhh....######. #
#...5o######..## #...)##
#o..# #..)o## ##..# ......##
####...## ......# #.....).#
......## #.#####.## ......
#. #..#


You could see Grum, a hog, a human, 4 wolves, a bullfrog, a centaur, an orc
wizard, a white imp and an orc.

Vanquished Creatures
  A hornet (D:7)
  Sigmund (D:5)
  A warg (D:8)
  An ice beast (D:5)
  3 orc warriors
  4 ogres
  A phantom (D:5)
  A centaur (D:5)
  2 big kobolds
  3 bullfrogs
  Blork the orc (D:4)
  A wyvern zombie (D:6)
  3 scorpions
  4 howler monkeys
  A centaur zombie (D:5)
  A bullfrog zombie (D:6)
  4 hounds
  3 jellies
  An orc priest (D:8)
  2 worker ants (D:6)
  An iguana (D:7)
  5 orc wizards
  A hound skeleton (D:4)
  A howler monkey zombie (D:8)
  A worker ant zombie (D:5)
  8 gnolls
  6 adders
  An ufetubus (D:6)
  An ooze (D:7)
  An adder zombie (D:6)
  3 adder skeletons (D:8)
  6 worms
  2 dart slugs
  3 leopard geckos
  17 orcs
  7 bats
  6 giant cockroaches
  7 goblins
  5 hobgoblins
  11 jackals
  11 kobolds
  2 quokkas
  A ball python (D:3)
  3 frilled lizards
  A giant cockroach zombie (D:6)
  A quokka skeleton (D:7)
  4 rats
155 creatures vanquished.

Vanquished Creatures (collateral kills)
  A warg (D:8)
  A bullfrog skeleton (D:7)
2 creatures vanquished.

Vanquished Creatures (others)
  An orc wizard (D:8)
  2 adder zombies (D:7)
  A jackal zombie (D:7)
  2 kobold zombies (D:8)
  An ogre zombie (D:8)
  4 orc zombies
  6 plants (D:8)
17 creatures vanquished.

Grand Total: 174 creatures vanquished

Notes
Turn   | Place    | Note
-------+----------+-------------------------------------------
     0 | D:1      | Aviak the Formicid Conjurer began the quest for the Orb.
     0 | D:1      | Reached XP level 1. HP: 13/13 MP: 3/3
   251 | D:1      | Reached skill level 1 in Fighting
   251 | D:1      | Reached XP level 2. HP: 14/21 MP: 0/5
   971 | D:1      | Reached XP level 3. HP: 27/27 MP: 4/6
  1302 | D:2      | Reached skill level 2 in Fighting
  1330 | D:2      | Learned a level 2 spell: Searing Ray
  1474 | D:2      | Reached XP level 4. HP: 34/34 MP: 0/7
  2633 | D:3      | Reached skill level 3 in Fighting
  2654 | D:3      | Reached XP level 5. HP: 41/41 MP: 1/8
  3063 | D:3      | Noticed an ogre
  3075 | D:3      | Killed an ogre
  3076 | D:3      | Reached skill level 4 in Fighting
  3076 | D:3      | Reached XP level 6. HP: 48/48 MP: 2/9
  3833 | D:4      | Found a staircase to the Ecumenical Temple.
  3850 | Temple   | Entered the Ecumenical Temple
  3876 | Temple   | Became a worshipper of Yredelemnul the Dark
  3887 | D:4      | Noticed an ogre
  3898 | D:4      | Killed an ogre
  3899 | D:4      | Reached skill level 1 in Maces & Flails
  3899 | D:4      | Reached XP level 7. HP: 47/55 MP: 3/10
  4130 | D:4      | Reached skill level 5 in Fighting
  4508 | D:4      | Noticed Blork the orc
  4515 | D:4      | Killed Blork the orc
  4516 | D:4      | Reached skill level 5 in Dodging
  4822 | D:5      | Entered Level 5 of the Dungeon
  4945 | D:5      | Reached skill level 6 in Fighting
  4945 | D:5      | Reached XP level 8. HP: 47/64 MP: 2/11
  5083 | D:5      | Noticed Sigmund
  5089 | D:5      | Killed Sigmund
  5303 | D:5      | Reached skill level 7 in Fighting
  5905 | D:5      | Found Cari's Antique Weapon Boutique.
  5913 | D:5      | Bought a fading mace for 208 gold pieces
  5913 | D:5      | Identified the cursed +1 mace of Galoop {venom, Str+3} (You
                  | bought it in a shop on level 5 of the Dungeon)
  6421 | D:6      | Reached XP level 9. HP: 72/73 MP: 6/12
  6812 | D:6      | Found Tounypaz's Elemental Accessories.
  6817 | D:6      | Reached skill level 8 in Fighting
  7073 | D:7      | Reached * piety under Yredelemnul
  7075 | D:7      | Noticed a hornet
  7085 | D:7      | Killed a hornet
  7813 | D:7      | Found Miloef's Island Escapes.
  7862 | D:8      | Reached ** piety under Yredelemnul
  7863 | D:8      | Reached skill level 1 in Invocations
  7873 | D:8      | Reached skill level 9 in Fighting
  8665 | D:7      | Reached XP level 10. HP: 40/83 MP: 3/13
  8863 | D:8      | Noticed Grum
  8873 | D:8      | HP: 3/84 [wolf[Grum] (9)]
  8873 | D:8      | Mangled by a wolf

Illustrated notes

Levels and vault maps discovered:
D:1:      dpeg_arrival_short_road, layout_loops_ring
D:2:      layout_basic
D:3:      layout_basic
D:4:      layout_loops_cross, minmay_temple_entry_tees, uniq_blork_the_orc
D:5:      layout_gridville, serial_shops, nicolae_shop_stone, uniq_sigmund
D:6:      layout_loops_corners, nicolae_elemental_shop, st_stairs_6
D:7:      layout_rooms, nicolae_island_escapes
D:8:      layout_cave_pods, tso_oasis_becter, erik_lair_orcish_takeover,
          basic_altar, hex_tiny, minmay_tree_intersection, grunt_livestock,
          nicolae_blasting_shop, uniq_grum
Temple:   dpeg_three_leaves_temple

Skill      XL: |  1  2  3  4  5  6  7  8  9 10 |
---------------+-------------------------------+-----
Dodging        | 2 3 4 5 6 8 |  8.4
Fighting       | 1 2 3 4 6 7 9 |  9.7
Maces & Flails | 1 2 |  2.0
Invocations    | 3 4 |  4.0
Stealth        | |  2.4
Spellcasting   | |  2.1
Conjurations   | |  3.6

Action                   |  1- 3 |  4- 6 |  7- 9 | 10-12 || total
-------------------------+-------+-------+-------+-------++-------
Melee: Unarmed           |    19 |       |       |       ||    19
       Dagger            |    19 |    38 |       |       ||    57
       Flail             |       |    13 |     1 |       ||    14
       Hand axe          |       |       |   153 |    18 ||   171
 Cast: Magic Dart        |    48 |     8 |     3 |       ||    59
       Searing Ray       |     2 |    18 |    52 |     4 ||    76
Invok: Animate Remains   |       |       |     8 |     2 ||    10
       Recall Undead Sla |       |       |     1 |       ||     1
       Injury Mirror     |       |       |       |     1 ||     1
Evoke: Wand              |       |       |     1 |       ||     1
  Use: Scroll            |     2 |     2 |     7 |       ||    11
       Potion            |       |       |       |     1 ||     1
 Stab: Sleeping          |       |     3 |       |       ||     3
Armor: Robe              |    16 |     5 |       |       ||    21
       Leather armour    |       |       |    26 |     2 ||    28
Dodge: Dodged            |    32 |    46 |   184 |    33 ||   295
